 Dungeon Crawl Stone Soup version 0.32-a0-814-g0968bab981 (webtiles) character file.

Game seed: 4650221899838688175

907 zenocrate the Sneak (level 8, -3/52 HPs)
             Began as an Octopode Earth Elementalist on Mar 22, 2024.
             Was an Initiate of Gozag.
             Slain by a water moccasin (4 damage)
             ... on level 5 of the Dungeon.
             The game lasted 00:05:17 (4107 turns).

zenocrate the Sneak (Octopode Earth Elementalist)   Turns: 4107, Time: 00:05:18

Health: -3/52      AC:  5    Str: 10    XL:     8   Next: 8%
Magic:  11/11      EV: 13    Int: 17    God:    Gozag
Gold:   407        SH:  0    Dex: 12    Spells: 4/11 levels left

rFire   . .          .
                       - Unarmed
rCold   . . .        (no shield)
rNeg    . . .        (helmet restricted)
rPois   .            (no amulet)
rElec   .            n - +4 ring of protection
rCorr   .            (no ring)
SInv    .            (no ring)
Will    .....        (no ring)
Stlth   ++++         (no ring)
HPRegen 0.28/turn    (no ring)
MPRegen 0.12/turn    (no ring)
                     (no ring)

%: no passive effects
@: lethally poisoned (-3 -> -22)
A: almost no armour, amphibious, 8 rings, camouflage 1, gelatinous body 1,
(nimble swimmer 1), tentacles
a: Renounce Religion, Potion Petition, Call Merchant, Bribe Branch


You were on level 5 of the Dungeon.
You worshipped Gozag.
Gozag was aware of your devotion.
You visited 2 branches of the dungeon, and saw 6 of its levels.
You also visited: Sewer.

You collected 761 gold pieces.
You paid 354 gold pieces to Gozag.

Inventory:

Jewellery
 m - a ring of ice
 n - a +4 ring of protection (left tentacle)
Talismans
 p - the flux talisman of Grace {rN+ Str-3 Slay+3}
   (You found it on level 3 of the Dungeon)

   [flux talisman]

   Str-3:     It affects your strength (-3).
   Slay+3:    It affects your accuracy & damage with ranged weapons and melee
   (+3).
   rN+:       It protects you from negative energy.
Scrolls
 b - a scroll of poison {unknown}
 e - 2 scrolls of brand weapon
 f - 3 scrolls of teleportation
 g - a scroll of torment {unknown}
 h - 3 scrolls of immolation
 i - 2 scrolls of fear {unknown}
 l - a scroll of blinking {unknown}
Potions
 a - 3 potions of magic
 c - a potion of attraction
 d - 3 potions of enlightenment
 j - a potion of mutation
 k - a potion of cancellation
 o - a potion of haste
 q - 2 potions of curing


   Skills:
 + Level 3.5 Fighting
 + Level 4.4 Dodging
 - Level 6.0 Stealth
 + Level 4.3 Unarmed Combat
 - Level 2.0 Spellcasting
 - Level 1.7 Conjurations
 - Level 3.0 Earth Magic
 * Level 2.5 Shapeshifting


You had 4 spell levels left.
You knew the following spells:

 Your Spells              Type           Power      Damage    Failure   Level
a - Sandblast             Erth           22%        2d7       5%          1
b - Stone Arrow           Conj/Erth      18%        3d8       22%         3
z - Passwall              Erth           11%        N/A       17%         3

Your spell library contained the following spells:

 Spells                   Type           Power      Damage    Failure   Level
 Sting                    Conj/Alch      16%        1d4       14%         1
 Mercury Vapours          Alch/Air       2%         N/A       28%         2
 Brom's Barrelling Bould  Conj/Erth      9%         2d3       58%         4
 Petrify                  Alch/Erth      6%         N/A       71%         4
 Olgreb's Toxic Radiance  Alch           1%         N/A       88%         4
 Sculpt Simulacrum        Ice/Alch       0%         N/A       100%        6
 Monstrous Menagerie      Summ           0%         N/A       100%        7
 Summon Hydra             Summ           0%         N/A       100%        7


Dungeon Overview and Level Annotations

Branches:
Dungeon (5/15)             Temple (1/1) D:4           Sewer (visited)

Altars:
Ashenzari
Cheibriados
Dithmenos
Elyvilon
Fedhas
Gozag
Hepliaklqana
Kikubaaqudgha
Makhleb
Nemelex Xobeh
Okawaru
Qazlal
Sif Muna
Trog
Uskayaw
Vehumet
Wu Jian
Xom
Yredelemnul
Zin
The Shining One


Innate Abilities, Weirdness & Mutations

You cannot wear most types of armour.
You are amphibious.
You can wear up to eight rings at the same time.
Your skin changes colour to match your surroundings (Stealth+).
Your rubbery body absorbs attacks. (AC +1, EV +1)
((You are camouflaged when in or above water. (Stealth+)))
You have tentacles for arms and can constrict up to eight enemies at once.


Message History

The water moccasin poisons you!
You feel very sick.
The water moccasin attacks as it pursues you!
The water moccasin bites you but does no damage.
You miss the water moccasin. Your grab misses the water moccasin.
Your squeeze misses the water moccasin.
You feel sick. The water moccasin bites you.
You are more poisoned.
The water moccasin poisons you!
You barely miss the water moccasin. You grab the water moccasin.
You squeeze the water moccasin, but do no damage.
You constrict the water moccasin.
You feel very sick. The water moccasin bites you.
The water moccasin closely misses you.
Unknown command.
You tentacle-slap the water moccasin but do no damage.
The water moccasin is lightly wounded.
You constrict the water moccasin.
You feel very sick. The ogre barely misses you. The water moccasin bites you.
You are lethally poisoned!
The water moccasin poisons you!
You tentacle-slap the water moccasin.
The water moccasin is moderately wounded.
You constrict the water moccasin.
You feel very sick. The water moccasin bites you!
* * * LOW HITPOINT WARNING * * *
The ogre hits you with a +0 giant club!
* * * LOW HITPOINT WARNING * * *
Unknown command.
Unknown command.
Okay, then.
Okay, then.
You release your grip on the water moccasin.
* * * LOW HITPOINT WARNING * * *
You feel very sick. The water moccasin bites you.
You die...
Your body crumbles into a pile of gold.

### ##### #...# ### ##
#._.# ##..## .## #...#
#.....# ..#### ###.###
##......# ...#.#
##ß...ß#######.....#
.....###........##O$.....#
................@S.......#
##.#.................#####
####.####.....####### ###
###.### ###


You could see a water moccasin and an ogre.

Vanquished Creatures
  Menkaure (D:4)
  A black bear (D:5)
  2 crocodiles (Sewer)
  A centaur (D:5)
  A scorpion (D:4)
  A hound (D:4)
  A jelly (D:5)
  An iguana (D:5)
  A sickly merfolk siren (Sewer)
  A malarious merfolk avatar (Sewer)
  10 adders
  2 river rats (Sewer)
  2 dart slugs
  2 ribbon worms (D:5)
  8 orcs
  9 ball pythons
  7 bats
  10 endoplasms
  9 giant cockroaches
  8 goblins
  9 hobgoblins
  6 jackals (D:2)
  4 kobolds
  9 quokkas
  15 frilled lizards
  24 rats
145 creatures vanquished.

Notes
Turn   | Place    | Note
-------+----------+-------------------------------------------
     0 | D:1      | zenocrate the Octopode Earth Elementalist began the quest
                  | for the Orb.
     0 | D:1      | Reached XP level 1. HP: 11/11 MP: 3/3
    70 | D:1      | Reached skill level 3 in Stealth
    70 | D:1      | Reached XP level 2. HP: 18/18 MP: 5/5
   237 | D:1      | Reached skill level 1 in Fighting
   296 | D:1      | You fall into a shaft and drop 1 floor!
   364 | D:1      | Reached skill level 1 in Unarmed Combat
   388 | D:1      | Reached XP level 3. HP: 23/23 MP: 6/6
   828 | D:2      | Found a faded altar of an unknown god.
  1046 | D:2      | Reached XP level 4. HP: 24/28 MP: 7/7
  1305 | D:2      | Found a broken altar of Ashenzari.
  1356 | D:2      | Reached skill level 4 in Stealth
  1465 | D:2      | Learned a level 3 spell: Stone Arrow
  1670 | D:3      | Identified the flux talisman of Grace {rN+ Str-3 Slay+3}
  1821 | D:3      | Reached XP level 5. HP: 34/34 MP: 8/8
  2154 | D:3      | Learned a level 3 spell: Passwall
  2408 | D:4      | Found a staircase to the Ecumenical Temple.
  2423 | D:4      | Noticed Menkaure
  2434 | D:4      | Killed Menkaure
  2435 | D:4      | Reached skill level 1 in Shapeshifting
  2435 | D:4      | Reached XP level 6. HP: 24/41 MP: 9/9
  2438 | Temple   | Entered the Ecumenical Temple
  2518 | Temple   | Became a worshipper of Gozag Ym Sagoz the Greedy
  2871 | D:5      | Entered Level 5 of the Dungeon
  2902 | D:5      | Reached skill level 5 in Stealth
  2902 | D:5      | Reached XP level 7. HP: 22/45 MP: 10/10
  3106 | D:5      | Got the Annotations on Bringing Forth and Rime
  3256 | D:5      | Found a glowing drain.
  3260 | Sewer    | Entered a sewer
  3568 | Sewer    | Reached skill level 6 in Stealth
  3702 | Sewer    | HP: 1/46 [crocodile (16)]
  3709 | Sewer    | Reached XP level 8. HP: 52/52 MP: 11/11
  4085 | D:5      | Found a glowing golden altar of the Shining One.
  4107 | D:5      | HP: 1/52 [poisoned by a water moccasin]
  4107 | D:5      | Slain by a water moccasin

Illustrated notes

Levels and vault maps discovered:
D:1:      lightli_arrival_noodles, layout_basic
D:2:      layout_basic, hellmonk_ecumenical_altar_heavens_door, basic_altar
D:3:      layout_basic, kennysheep_generic_room_13
D:4:      layout_rooms, minmay_temple_entry_water_ring, serial_park_tiny_2,
          kennysheep_generic_room_14, uniq_menkaure
D:5:      layout_loops_ring, nicolae_tso_carved_into_rock,
          mainiacjoe_sewer_entry_somewhere_in_here_2
Temple:   nicolae_temple_bog_church

Skill      XL: |  1  2  3  4  5  6  7 |
---------------+----------------------+-----
Stealth        | 3 4 5 6 |  6.0
Fighting       | 1 2 3 |  3.5
Unarmed Combat | 1 2 3 4 |  4.3
Dodging        | 3 4 |  4.4
Shapeshifting  | 1 2 |  2.5
Spellcasting   | |  2.0
Conjurations   | |  1.7
Earth Magic    | |  3.0

Action                     |  1- 3 |  4- 6 |  7- 9 || total
---------------------------+-------+-------+-------++-------
  Melee: Unarmed           |   104 |   106 |   117 ||   327
         Constrict         |    37 |    27 |    26 ||    90
         Tentacles         |    27 |    28 |    29 ||    84
         Punch             |       |     2 |     6 ||     8
   Cast: Sandblast         |       |     3 |     4 ||     7
 Invoke: Potion Petition   |       |       |     1 ||     1
    Use: Scroll            |       |     7 |     1 ||     8
         Potion            |       |     1 |     4 ||     5
   Stab: Sleeping          |    21 |    11 |     8 ||    40
         Distracted        |     1 |       |       ||     1
         Invisible         |       |       |     1 ||     1
 Armour: Skin              |    43 |    42 |    53 ||   138
  Dodge: Dodged            |    60 |    73 |    52 ||   185
         Form:             |       |     1 |       ||     1
         Flux              |       |     1 |       ||     1

Table legend: (Time is in decaauts)
 A = Elapsed time spent in this place.
 B = Non-inter-level travel time spent in this place.
 C = Inter-level travel time spent in this place.
 D = Time resting spent in this place.
 E = Time spent auto-exploring this place.
 F = Levels seen in this place.
 G = Mean time per level.
                   A        B        C        D        E       F      G
               +--------+--------+--------+--------+--------+-----+--------+
         Total |   4085 |   3891 |    194 |      0 |   2893 |   7 |  583.6 |
       Dungeon |   3269 |   3112 |    157 |      0 |   2330 |   5 |  653.8 |
        Temple |    198 |    161 |     37 |      0 |    149 |   1 |  198.0 |
         Sewer |    617 |    617 |      0 |      0 |    414 |   1 |  617.0 |
               +--------+--------+--------+--------+--------+-----+--------+

Top non-repeatable levels by time:
     D:1: 767 daAuts
     D:2: 756 daAuts
     D:3: 655 daAuts
   Sewer: 617 daAuts
     D:5: 601 daAuts
     D:4: 488 daAuts
  Temple: 198 daAuts
